 Dungeon Crawl Stone Soup version 0.25-a0-566-g062765be81 (webtiles) character file.

Game seed: 11034235078925985108, levelgen mode: deterministic

1586 kae the Slicer (level 9, -6/45 HPs)
             Began as a Kobold Enchanter on Feb 27, 2020.
             Splashed by a jelly's acid (11 damage)
             ... on level 6 of the Dungeon.
             The game lasted 00:07:36 (6986 turns).

kae the Slicer (Kobold Enchanter)                   Turns: 6986, Time: 00:07:37

Health: -6/45      AC: -1    Str:  5    XL:     9   Next: 14%
Magic:  9/16       EV: 15    Int: 20    God:
Gold:   316        SH:  0    Dex: 15    Spells: 12/18 levels left

rFire    . . .     SeeInvis .   h - +3 short sword (vamp)
rCold    . . .     Gourm    .   (shield restricted)
rNeg     . . .     Faith    .   b - +1 robe
rPois    .         Spirit   .   (no helmet)
rElec    .         Reflect  .   (no cloak)
rCorr    .         Harm     .   (no gloves)
MR       +....                  (no boots)
Stlth    ++++......             l - amulet of magic regeneration
HPRegen  0.15/turn              e - ring of protection from magic
MPRegen  0.40/turn              (no ring)

@: confusing touch, corroded
A: small, carnivore
a: no special abilities


You were on level 6 of the Dungeon.
You were very full.

You visited 1 branch of the dungeon, and saw 6 of its levels.
You also visited: Sewer.

You collected 316 gold pieces.

Inventory:

Hand Weapons
 a - a +1 dagger
 h - a +3 vampiric short sword (weapon)
Armour
 b - a +1 robe (worn)
Jewellery
 c - a +3 amulet of reflection
 e - a ring of protection from magic (left hand)
 l - an amulet of magic regeneration (around neck)
Wands
 u - a wand of digging (3)
 w - a wand of disintegration (10)
 x - a wand of scattershot (3)
 y - a wand of enslavement (7)
Scrolls
 f - 3 scrolls of immolation
 i - a scroll of fog
 j - 10 scrolls of teleportation
 q - 2 scrolls of magic mapping
 v - a scroll of enchant armour
Potions
 g - 2 potions of brilliance
 k - 4 potions of degeneration {unknown}
 m - a potion of magic {unknown}
 n - 2 potions of stabbing {unknown}
 o - 2 potions of cancellation {unknown}
 p - 2 potions of heal wounds
 r - 2 potions of haste {unknown}
 s - 2 potions of curing
 t - 4 potions of might {unknown}
Comestibles
 d - 9 rations


   Skills:
 * Level 9.1 Short Blades
 - Level 2.4 Dodging
 + Level 8.0 Stealth
 + Level 5.2 Spellcasting
 + Level 5.6 Hexes


You had 12 spell levels left.
You knew the following spells:

 Your Spells              Type           Power        Failure   Level  Hunger
a - Corona                Hex            ####...      1%          1    None
b - Ensorcelled Hibernat  Hex/Ice        ###...       5%          2    None
c - Confusing Touch       Hex            ####....     3%          3    ##.....

Your spell library contained the following spells:

 Spells                   Type           Power        Failure   Level  Hunger
 Tukima's Dance           Hex            ####....     3%          3    ##.....
 Dazzling Flash           Conj/Hex       ###...       11%         3    ##.....


Dungeon Overview and Level Annotations

Branches:
Dungeon (6/15)             Temple (0/1) D:6           Sewer (visited)

Altars:
Ashenzari
Dithmenos

Shops:
D:4 (


Innate Abilities, Weirdness & Mutations

You are small and have problems with some larger weapons.
You are carnivorous and can eat meat at any time.


Message History

The jelly looks drowsy...
Casting: Ensorcelled Hibernation (safe; 5% risk of failure)
Confirm with . or Enter, or press ? or * to list all spells.
Your hands begin to glow red.
The jelly quivers.
The jelly hits you.
You are splashed with acid!
The jelly hits you.
You are splashed with acid!
* * * LOW HITPOINT WARNING * * *
You are too injured to fight recklessly!
You are too injured to fight recklessly!
You hit the jelly but do no damage.
Your hands burn!
* * * LOW HITPOINT WARNING * * *
The jelly is lightly wounded.
You hit the jelly but do no damage.
Your hands burn!
* * * LOW HITPOINT WARNING * * *
The jelly is lightly wounded.
The jelly hits you.
* * * LOW HITPOINT WARNING * * *
The acid corrodes you!
You are splashed with acid!
You die...

#.######.......##
#....<..........#
########........#
#.).†....#
#†.......#
######.#.#
#####.# #.....#
#.###@#
#....J....#
#.8.8(8.....#
#.)⌠.⌠....#.#
#.8.>.8..## #
#..⌠.⌠...#
#..8.8.8...
...........#


You could see a jelly.

Vanquished Creatures
  An orc warrior (D:4)
  An ice beast (D:5)
  2 centaurs
  2 ogres (D:4)
  2 bullfrogs (Sewer)
  4 scorpions
  2 jellies (D:5)
  2 orc priests
  3 orc wizards
  A centaur skeleton (D:2)
  Jessica (D:2)
  Ijyb (D:4)
  3 iguanas (D:4)
  2 worker ants (D:4)
  A hound zombie (D:5)
  12 adders
  A howler monkey skeleton (D:5)
  3 river rats (Sewer)
  3 oozes
  3 worms
  3 dart slugs
  6 leopard geckos
  20 orcs
  7 giant cockroaches
  9 goblins
  15 hobgoblins
  8 jackals
  4 quokkas
  10 ball pythons
  5 bats
  9 frilled lizards
  A giant cockroach zombie (D:5)
  7 kobolds
  32 rats
186 creatures vanquished.

Notes
Turn   | Place    | Note
-------+----------+-------------------------------------------
     0 | D:1      | kae the Kobold Enchanter began the quest for the Orb.
     0 | D:1      | Reached XP level 1. HP: 10/10 MP: 3/3
   440 | D:1      | Reached skill level 2 in Short Blades
   440 | D:1      | Reached XP level 2. HP: 15/15 MP: 5/5
  1316 | D:1      | Reached XP level 3. HP: 19/19 MP: 6/6
  1634 | D:2      | Learned a level 2 spell: Ensorcelled Hibernation
  1638 | D:2      | Learned a level 3 spell: Confusing Touch
  1818 | D:2      | Noticed Jessica
  1837 | D:2      | Killed Jessica
  1837 | D:2      | Reached skill level 3 in Short Blades
  1837 | D:2      | Reached XP level 4. HP: 10/24 MP: 2/8
  2257 | D:2      | Reached XP level 5. HP: 28/28 MP: 9/9
  2314 | D:2      | Found a shadowy altar of Dithmenos.
  2415 | D:2      | Reached skill level 4 in Short Blades
  2415 | D:2      | Reached skill level 5 in Stealth
  3585 | D:3      | Reached XP level 6. HP: 32/32 MP: 10/10
  3935 | D:4      | Noticed an ogre
  3937 | D:4      | Noticed an ogre
  3970 | D:4      | Killed an ogre
  3970 | D:4      | Reached skill level 5 in Short Blades
  3982 | D:4      | Killed an ogre
  3982 | D:4      | Reached XP level 7. HP: 35/36 MP: 6/12
  4080 | D:4      | Reached skill level 6 in Short Blades
  4106 | D:4      | Found a glowing drain.
  4145 | Sewer    | Entered a sewer
  5255 | Sewer    | Reached skill level 7 in Short Blades
  5255 | Sewer    | Reached XP level 8. HP: 41/41 MP: 9/14
  5679 | D:4      | Reached skill level 5 in Hexes
  5704 | D:4      | Found Coziesk's Antique Weapon Boutique.
  5727 | D:4      | Noticed Ijyb
  5735 | D:4      | Killed Ijyb
  6011 | D:4      | Reached skill level 8 in Short Blades
  6246 | D:5      | Entered Level 5 of the Dungeon
  6552 | D:5      | Found a shattered altar of Ashenzari.
  6573 | D:5      | Reached skill level 5 in Spellcasting
  6573 | D:5      | Reached XP level 9. HP: 21/45 MP: 5/16
  6962 | D:6      | Reached skill level 9 in Short Blades
  6974 | D:6      | Found a staircase to the Ecumenical Temple.
  6986 | D:6      | Splashed by a jelly's acid

Levels and vault maps discovered:
D:1:      moated_graveyard_arrival, layout_basic, minmay_misc_feat_alley,
          minmay_three_crescents
D:2:      layout_loops_ring, grunt_dithmenos_smoke, uniq_jessica
D:3:      kennysheep_big_flooded_room, layout_basic, first_ration,
          minmay_checkerbox
D:4:      layout_loops_ring, serial_shops, nicolae_shop_waterfront,
          portal_sewer_entry_f, hangedman_decor_growths,
          guppyfry_early_orc_mine, uniq_ijyb
D:5:      layout_gridville, minmay_misc_feat_room, ashenzari_altar_1
D:6:      layout_loops_ring, minmay_temple_entry_statues_fountains, uniq_maggie

Skill      XL: |  1  2  3  4  5  6  7  8  9 |
---------------+----------------------------+-----
Short Blades   | 2 3 4 5 7 8 9 |  9.1
Stealth        | 5 6 7 8 |  8.0
Spellcasting   | 3 4 5 |  5.2
Hexes          | 4 5 |  5.6
Dodging        | |  2.4

Action                   |  1- 3 |  4- 6 |  7- 9 || total
-------------------------+-------+-------+-------++-------
Melee: Dagger            |   135 |    16 |       ||   151
       Short sword       |       |   183 |   303 ||   486
 Cast: Corona            |    16 |     2 |     7 ||    25
       Ensorcelled Hiber |     5 |     9 |    57 ||    71
       Confusing Touch   |       |       |     2 ||     2
  Use: Potion            |     2 |       |     3 ||     5
       Scroll            |       |     6 |     7 ||    13
 Stab: Sleeping          |     7 |    22 |    36 ||    65
       Distracted        |       |     1 |       ||     1
       Confused          |       |       |     1 ||     1
  Eat: Chunk             |     7 |    12 |    10 ||    29
Armor: Robe              |    17 |    21 |    49 ||    87
Dodge: Dodged            |    90 |   119 |   271 ||   480

Table legend:
 A = Non-vault XP
 B = Vault XP
 C = Vault XP percentage of total XP
 D = Non-vault monster count
 E = Vault monster count
 F = Vault count percentage of total count
                 A         B        C        D         E       F
            +---------+---------+-------+---------+---------+-------
      Total |    1614 |     653 |  28.8 |     113 |      73 |  39.2
            +---------+---------+-------+---------+---------+-------
        D:1 |      24 |      11 |  31.4 |      13 |       6 |  31.6
        D:2 |     117 |      37 |  24.0 |      33 |       1 |   2.9
        D:3 |      77 |      10 |  11.5 |      21 |       6 |  22.2
        D:4 |     738 |     267 |  26.6 |      29 |      12 |  29.3
        D:5 |     527 |       0 |   0.0 |      14 |       0 |   0.0
        D:6 |     131 |       0 |   0.0 |       3 |       0 |   0.0
      Sewer |       0 |     328 | 100.0 |       0 |      48 | 100.0
            +---------+---------+-------+---------+---------+-------
